Map: [ESL] Gresvan

Players

Spirit

  • Race: Terran Terran
  • Spawn Location: 5:00

Wayne - Winner!

  • Race: Zerg Zerg
  • Spawn Location: 11:00

Event: ESL SC2 Masters 2023 Summer (Regionals)

VOD

Have the link to the VOD?

Description

Time

  • Played on: May 5, 2023, 10 a.m.
  • Length: 13:28

All games in this series

Show
View Real Time Build Order
Export as new Build Order

Spirit Terran 

Build Orders: Reaper Expand, Hellion Banshee 

Get SALT Encoding   

  12  0:00  SCV  
  13  0:12  SCV  
  14  0:17  Supply Depot  
  14  0:25  SCV  
  15  0:38  SCV  
  15  0:39  Barracks  
  16  0:44  Refinery  
  16  0:50  SCV  
  17  1:02  SCV  
  18  1:15  SCV  
  19  1:28  Orbital Command, Reaper  
  20  1:40  Command Center  
  20  1:50  Supply Depot  
  20  1:53  SCV  
  21  2:00  Marine  
  22  2:05  SCV  
  23  2:15  Factory  
  23  2:17  SCV  
  23  2:22  Barracks Reactor  
  25  2:30  SCV  
  25  2:42  SCV, Command Center  
  26  2:53  Orbital Command  
  26  2:54  SCV  
  27  3:00  Starport  
  27  3:04  Refinery  
  27  3:06  SCV  
  27  3:08  Hellion  
  27  3:12  Hellion  
  32  3:14  Barracks Tech Lab  
  32  3:18  SCV  
  33  3:20  SCV  
  34  3:30  SCV  
  34  3:32  SCV  
  40  3:34  Hellion x2  
  40  3:41  Banshee  
  40  3:42  SCV  
  40  3:44  SCV  
  45  3:54  SCV  
  45  3:55  Hellion x2  
  50  3:56  SCV  
  50  3:57  Orbital Command  
  50  4:00  Cloaking Field  
  50  4:01  Barracks Tech Lab  
  51  4:06  SCV  
  51  4:09  Supply Depot  
  53  4:10  SCV  
  53  4:18  SCV  
  53  4:19  Hellion  
  53  4:21  Hellion  
  53  4:22  SCV  
  59  4:26  SCV  
  59  4:30  SCV  
  59  4:31  Banshee  
  64  4:34  SCV, Supply Depot  
  64  4:37  Stimpack  
  65  4:39  Supply Depot  
  65  4:42  SCV  
  65  4:43  SCV  
  67  4:49  SCV  
  67  4:50  Barracks  
  67  4:51  Barracks  
  68  4:53  Orbital Command  
  68  4:54  Refinery  
  68  4:55  SCV, Refinery, Factory Reactor  
  69  5:01  SCV  
  69  5:04  Engineering Bay  
  69  5:05  Engineering Bay  
  70  5:07  SCV  
  70  5:12  Marine  
  70  5:13  SCV  
  73  5:18  Supply Depot  
  73  5:19  SCV x2  
  75  5:25  Barracks, SCV  
  75  5:27  Barracks  
  76  5:30  Marine  
  76  5:31  Terran Infantry Weapons Level 1, SCV x2, Terran Infantry Armor Level 1  
  76  5:34  Starport Reactor  
  79  5:38  SCV, Marine x2  
  79  5:40  Siege Tank  
  85  5:43  SCV x2  
  85  5:47  Supply Depot  
  85  5:48  Marine, Supply Depot  
  85  5:49  Marine x2  
  90  5:53  SCV  
  90  5:55  SCV  
  90  5:56  Marine  
  93  6:05  Bunker  
  93  6:08  Marine x3, SCV x2  
  93  6:09  SCV  
  99  6:11  Supply Depot  
  99  6:12  Medivac x2, Siege Tank  
  99  6:14  Supply Depot  
  99  6:16  Marine x2  
  108  6:22  Combat Shield  
  108  6:23  SCV  
  109  6:32  Marine  
  109  6:33  SCV x2, Barracks Reactor  
  109  6:34  Barracks Reactor, Command Center  
  109  6:35  Marine x2, Supply Depot  
  109  6:37  SCV  
  109  6:38  Supply Depot  
  115  6:40  Supply Depot  
  115  6:43  Marine, Refinery x2  
  115  6:44  Marine  
  115  6:45  SCV  
  118  6:49  Siege Tank  
  118  6:50  Marine  
  118  6:53  Marine x2  
  124  7:00  Marine  
  126  7:01  SCV, Armory  
  126  7:02  Marine  
  126  7:05  Supply Depot  
  126  7:07  Supply Depot  
  126  7:08  SCV, Marine  
  128  7:10  Marine x2  
  128  7:11  Marine x2  
  128  7:14  Medivac  
  135  7:18  Marine  
  135  7:20  Marine, Medivac  
  135  7:21  Siege Tank  
  142  7:25  Marine x2  
  142  7:26  SCV, Marine  
  142  7:28  Marine x2  
  148  7:30  Marine  
  148  7:34  SCV x2, Supply Depot  
  148  7:35  Marine, Supply Depot  
  148  7:36  Marine  
  153  7:37  Marine  
  153  7:43  Marine x2  
  153  7:44  Marine  
  152  7:46  Marine x2  
  152  7:49  SCV x2, Factory  
  152  7:50  Terran Infantry Weapons Level 2, Terran Infantry Armor Level 2  
  157  7:52  Marine  
  157  7:53  Marine  
  157  7:56  Marine x2, SCV  
  162  8:03  Siege Tank  
  165  8:08  Marine  
  148  8:13  Marine  
  148  8:14  Marauder  
  148  8:17  Planetary Fortress  
  148  8:18  Barracks x3, SCV  
  148  8:19  SCV  
  154  8:20  SCV  
  153  8:30  Marine, SCV  
  153  8:31  Medivac x2  
  153  8:32  SCV  
  153  8:34  Factory Tech Lab  
  159  8:35  Marauder  
  161  8:41  SCV, Command Center  
  161  8:42  SCV  
  161  8:44  SCV  
  164  8:49  Siege Tank  
  164  8:51  Refinery  
  164  8:52  Refinery  
  164  8:53  SCV, Sensor Tower  
  168  8:56  SCV  
  168  8:57  Sensor Tower  
  168  8:59  SCV  
  168  9:01  SCV  
  171  9:06  Terran Vehicle And Ship Armor Level 1, Supply Depot  
  171  9:07  Barracks Tech Lab x3  
  171  9:10  Ghost Academy  
  171  9:13  Siege Tank  
  174  9:20  Command Center  
  174  9:25  Siege Tank  
  171  9:39  Command Center  
  171  9:45  Siege Tank  
  172  9:52  Marine x6  
  175  9:53  Marine x2, Marauder  
  175  9:54  Marauder  
  175  9:57  Siege Tank  
  185  10:02  Command Center  
  185  10:07  Refinery  
  185  10:15  Command Center  
  182  10:23  Planetary Fortress  
  182  10:25  Siege Tank  
  178  10:28  Marine x6  
  178  10:29  Ghost x4  
  178  10:34  Command Center  
  192  10:41  Terran Infantry Weapons Level 3  
  192  10:45  Terran Infantry Armor Level 3, Refinery  
  192  10:53  Command Center  
  192  11:00  Ghost x2  
  184  11:09  Marine x3  
  184  11:10  Siege Tank  
  184  11:11  Siege Tank  
  186  11:14  Orbital Command  
  186  11:15  Orbital Command, Missile Turret  
  186  11:28  Marine x3  
  186  11:29  Marine, Command Center  
  186  11:30  Command Center  
  186  11:32  Orbital Command, Missile Turret  
  190  11:33  Missile Turret  
  190  11:38  Personal Cloaking  
  186  11:51  Ghost x2  
  186  11:52  Orbital Command  
  187  12:05  Command Center  
  184  12:14  Siege Tank  
  166  12:16  Marine x7, Marauder x2  
  166  12:20  Marauder x2  
  181  12:28  Marine  
  181  12:29  Missile Turret  
  182  12:35  Planetary Fortress  
  182  12:37  Marauder  
  182  12:41  Marauder, Siege Tank  
  182  12:42  Marine  
  182  12:43  Missile Turret, Refinery  
  182  12:44  Sensor Tower, Refinery  
  189  12:49  Missile Turret  
Show
View Real Time Build Order
Export as new Build Order

Wayne Zerg - Winner!

Build Orders: Hatch First, Lurkers 

Get SALT Encoding   

  12  0:00  Drone  
  13  0:12  Overlord  
  13  0:16  Drone  
  14  0:30  Drone x2  
  16  0:48  Hatchery  
  15  0:50  Drone  
  15  0:54  Drone  
  17  0:57  Drone  
  18  1:09  Extractor  
  17  1:13  Spawning Pool  
  17  1:16  Drone  
  17  1:18  Drone  
  18  1:27  Drone  
  19  1:38  Drone  
  20  1:48  Drone  
  21  2:00  Queen x2  
  21  2:01  Zergling x4  
  27  2:13  Overlord  
  27  2:14  Drone  
  28  2:21  Hatchery  
  27  2:24  Drone  
  28  2:32  Drone x2  
  28  2:33  Drone  
  31  2:41  Queen  
  32  2:45  Overlord  
  32  2:50  Drone  
  32  2:51  Metabolic Boost  
  33  2:54  Drone  
  33  2:57  Drone  
  35  3:03  Queen  
  37  3:09  Drone x3  
  37  3:12  Overlord  
  40  3:14  Drone  
  40  3:19  Drone x2  
  43  3:30  Queen  
  43  3:32  Drone  
  43  3:33  Drone, Queen  
  49  3:37  Overlord  
  49  3:39  Drone  
  50  3:45  Zergling x2  
  50  3:46  Zergling x4  
  50  3:47  Drone x2  
  55  3:51  Drone x2  
  57  3:56  Overlord  
  57  3:57  Drone x2  
  57  4:02  Drone  
  60  4:05  Queen  
  62  4:12  Queen  
  62  4:14  Overlord  
  62  4:15  Drone x3  
  67  4:19  Drone x2  
  67  4:23  Lair  
  69  4:29  Overlord, Baneling Nest  
  69  4:30  Drone x2  
  70  4:34  Overlord  
  70  4:37  Zergling x4  
  70  4:38  Drone x2  
  74  4:43  Drone x4  
  78  4:51  Spore Crawler x3  
  78  4:52  Drone  
  76  4:57  Hatchery  
  76  4:59  Extractor  
  74  5:01  Extractor  
  74  5:03  Extractor, Drone x3  
  74  5:04  Extractor  
  74  5:05  Drone x2  
  76  5:07  Overlord  
  76  5:08  Zergling x2  
  76  5:12  Drone x2  
  79  5:16  Overlord  
  79  5:19  Drone x2  
  81  5:22  Overseer  
  81  5:24  Drone  
  81  5:25  Drone x3  
  81  5:26  Drone  
  81  5:28  Drone, Evolution Chamber x2  
  85  5:29  Drone  
  86  5:36  Centrifugal Hooks  
  86  5:39  Drone  
  87  5:44  Drone  
  87  5:45  Spore Crawler  
  87  5:47  Drone  
  88  5:53  Drone x7  
  88  5:54  Zergling x4  
  97  5:58  Zerg Melee Weapons Level 1  
  97  5:59  Spore Crawler  
  93  6:12  Drone x6  
  93  6:13  Drone x2  
  93  6:15  Extractor, Overlord  
  93  6:16  Extractor  
  93  6:17  Drone  
  100  6:24  Zergling x8  
  104  6:28  Baneling x8  
  104  6:29  Overlord  
  104  6:30  Overlord  
  104  6:32  Zergling x8  
  108  6:38  Infestation Pit  
  107  6:40  Zergling x12  
  107  6:43  Zergling x4  
  107  6:45  Zerg Ground Armor Level 1  
  115  6:47  Hatchery  
  115  6:51  Zergling x12  
  120  6:55  Baneling x2  
  120  6:58  Overlord  
  120  6:59  Overlord  
  120  7:04  Zergling x10  
  125  7:10  Overlord  
  125  7:11  Drone x3  
  125  7:14  Hive  
  125  7:15  Zergling x10, Hydralisk Den  
  131  7:22  Zergling x8  
  134  7:28  Overlord  
  134  7:29  Zergling x10  
  139  7:35  Drone x4  
  143  7:45  Hatchery  
  143  7:46  Baneling x4  
  143  7:47  Drone x8  
  143  7:49  Extractor x2, Grooved Spines  
  148  7:52  Overlord  
  148  7:55  Zerg Melee Weapons Level 2  
  148  7:57  Hydralisk x3  
  153  8:10  Zergling x26  
  160  8:17  Overlord  
  160  8:22  Drone  
  160  8:23  Drone x4  
  160  8:26  Zergling x18  
  169  8:29  Baneling x4  
  169  8:33  Adrenal Glands  
  167  8:39  Zergling x2, Lurker Den  
  167  8:40  Zergling x8  
  171  8:41  Baneling x5  
  171  8:44  Zergling x10  
  175  8:51  Overlord  
  175  8:53  Zerg Ground Armor Level 2  
  175  8:55  Extractor  
  175  8:56  Extractor  
  175  8:58  Drone x5  
  175  9:00  Muscular Augments  
  179  9:10  Drone x2  
  179  9:14  Zergling x18  
  179  9:15  Baneling  
  179  9:16  Hatchery, Baneling x2, Spore Crawler x2  
  185  9:25  Baneling x2  
  182  9:32  Zergling x22  
  182  9:34  Baneling x4  
  192  9:39  Seismic Spines  
  186  9:51  Pneumatized Carapace  
  186  9:52  Overseer  
  183  9:53  Nydus Network  
  183  9:54  Nydus Network  
  183  9:57  Drone x2  
  183  10:00  Viper x2  
  183  10:04  Zergling x20  
  183  10:06  Baneling x7  
  199  10:07  Baneling x7  
  189  10:25  Zergling x38  
  189  10:26  Zergling x10  
  183  10:32  Hydralisk x5  
  193  10:36  Adaptive Talons  
  193  10:42  Lurker x2  
  195  10:44  Zerg Missile Weapons Level 1  
  195  10:49  Hydralisk x2  
  195  10:53  Baneling x3  
  199  11:03  Lurker x5  
  194  11:10  Overseer  
  193  11:14  Lurker  
  193  11:15  Lurker  
  193  11:16  Hydralisk x2  
  199  11:20  Baneling x3  
  199  11:21  Baneling x2  
  199  11:40  Hatchery  
  198  11:47  Lurker  
  193  12:02  Lurker  
  193  12:03  Hydralisk x3  
  193  12:06  Overseer  
  186  12:15  Hydralisk x8  
  163  12:16  Zergling x28  
  163  12:17  Overseer  
  163  12:21  Nydus Canal  
  163  12:22  Nydus Canal  
  193  12:25  Zergling x12  
  193  12:28  Overseer  
  199  12:42  Nydus Canal  
  199  12:45  Zergling x2  
  179  13:08  Zergling x2  
  179  13:09  Zergling x46  
  179  13:11  Zergling x14  
Tags
 
Add a new tag
Caveats
  • Supply blocks, unpowered buildings, or Contaminate may cause inaccurate times.
  • Supply counts are checked every 10 seconds.